 Seeded DCSS version 0.27-a0-96-gb51a1d6fd6 (webtiles) character file.

Game seed: 5125158891462947277 (custom seed)

576 tacoguy the Shield-Bearer (level 7, 0/61 HPs)
             Began as a Minotaur Fighter on Jan 19, 2021.
             Succumbed to an adder's poison
             ... on level 5 of the Dungeon.
             The game lasted 00:06:48 (3266 turns).

tacoguy the Shield-Bearer (Minotaur Fighter)        Turns: 3266, Time: 00:06:48

Health: 0/61       AC: -5    Str: 24    XL:     7   Next: 12%
Magic:  6/6        EV: 10    Int:  5    God:
Gold:   310        SH: 10    Dex: 10    Spells: 6/6 levels left

rFire    + . .     SeeInvis .   a - +0 war axe
rCold    + . .     Faith    .   c - +0 kite shield
rNeg     . . .     Spirit   .   m - +3 ring mail {rC+}
rPois    .         Reflect  .   (helmet restricted)
rElec    .         Harm     .   (no cloak)
rCorr    .         Rampage  .   h - +0 pair of gloves
Will     .....                  (no boots)
Stlth    ..........             (no amulet)
HPRegen  0.20/turn              (no ring)
MPRegen  0.10/turn              (no ring)

@: lethally poisoned (0 -> -6), corroded, berserk cooldown, flying, slowed, very
slow
A: retaliatory headbutt, horns 2, fire resistance 1, strong 1
a: no special abilities


You were on level 5 of the Dungeon.
You visited 1 branch of the dungeon, and saw 5 of its levels.

You collected 310 gold pieces.

Inventory:

Hand Weapons
 a - a +0 war axe (weapon)
Armour
 c - a +0 kite shield (worn)
 h - a +0 pair of gloves (worn)
 m - a +3 ring mail of cold resistance (worn)
Magical Staves
 n - an uncursed staff of air
Scrolls
 e - a scroll of magic mapping {unknown}
 f - 2 scrolls of remove curse
 i - 3 scrolls of identify
 j - a scroll of teleportation {unknown}
Potions
 d - a potion of might
 k - a potion of haste
 o - 2 potions of attraction {unknown}


   Skills:
 + Level 5.6 Fighting
 + Level 4.4 Axes
 + Level 5.4 Armour
 + Level 3.2 Dodging
 + Level 5.6 Shields


You had 6 spell levels left.
You didn't know any spells.
Your spell library was empty.

Dungeon Overview and Level Annotations

Branches:
Dungeon (5/15)             Temple (0/1) D:5

Altars:
Vehumet
Zin


Innate Abilities, Weirdness & Mutations

You reflexively headbutt those who attack you in melee.
You have a pair of horns on your head.
Your flesh is heat resistant. (rF+)
Your muscles are strong. (Str +2)


Message History

The adder bites you.
* * * LOW HITPOINT WARNING * * *
You closely miss the adder.
The adder is moderately wounded.
You are no longer berserk.
You are exhausted.
You feel yourself slow down. The adder closely misses you.
You barely miss the adder. You headbutt the adder!
The adder is almost dead.
You feel sick. The adder bites you.
* * * LOW HITPOINT WARNING * * *
The adder bites you.
* * * LOW HITPOINT WARNING * * *
You are more poisoned.
The adder poisons you! You block the adder's attack.
Unknown command.
It was a potion of flight.
You feel very buoyant.
You fly up into the air.
You die...

........... ##
#........≈... #≈≈
<......≈.≈.≈.
#≈##..≈...≈......≈.
#≈≈≈≈≈.≈≈≈≈≈≈≈≈≈≈≈≈≈#
≈≈≈≈≈≈≈≈≈≈≈≈≈.≈≈≈≈
..####S≈............≈###
......)@†.≈.....≈≈......
......#.................
..... #.................
.... #.................
.## ##...##.......8.8.
#...##.?..##..⌠.⌠
♣♣♣♣♣####+#..8.>.
♣.......⌠.⌠ ♣♣.>...8.8.


You could see an adder.

Vanquished Creatures
  2 ogres
  A scorpion (D:4)
  2 hounds
  A jelly (D:5)
  4 orc wizards (D:3)
  A worker ant (D:4)
  A hound skeleton (D:5)
  3 adders
  A white imp (D:5)
  5 leopard geckos
  10 orcs
  5 giant cockroaches
  8 goblins
  7 hobgoblins
  3 jackals (D:3)
  9 kobolds
  5 quokkas
  A ball python (D:3)
  4 bats
  5 frilled lizards
  4 rats
82 creatures vanquished.

Vanquished Creatures (others)
  5 fungi (D:1)
  5 toadstools (D:1)
10 creatures vanquished.

Grand Total: 92 creatures vanquished

Notes
Turn   | Place    | Note
-------+----------+-------------------------------------------
     0 | D:1      | tacoguy the Minotaur Fighter began the quest for the Orb.
     0 | D:1      | Reached XP level 1. HP: 19/19 MP: 0/0
   358 | D:1      | Reached XP level 2. HP: 21/27 MP: 1/1
   842 | D:2      | Reached XP level 3. HP: 28/33 MP: 2/2
  1087 | D:2      | Found a faded altar of an unknown god.
  1214 | D:2      | Noticed an ogre
  1467 | D:3      | Found a radiant altar of Vehumet.
  1523 | D:3      | Reached skill level 1 in Dodging
  1554 | D:3      | Reached XP level 4. HP: 31/41 MP: 3/3
  1814 | D:3      | Reached XP level 5. HP: 43/47 MP: 4/4
  1985 | D:3      | Gained mutation: Your muscles are strong. (Str +2) [potion
                  | of mutation]
  1985 | D:3      | Gained mutation: Your flesh is heat resistant. (rF+)
                  | [potion of mutation]
  2058 | D:3      | Found a glowing silver altar of Zin.
  2202 | D:3      | Reached skill level 5 in Shields
  2684 | D:4      | Reached skill level 5 in Fighting
  2684 | D:4      | Reached XP level 6. HP: 46/56 MP: 5/5
  2972 | D:4      | Reached skill level 5 in Armour
  3184 | D:5      | Entered Level 5 of the Dungeon
  3193 | D:5      | Reached XP level 7. HP: 22/61 MP: 6/6
  3206 | D:5      | Found a staircase to the Ecumenical Temple.
  3265 | D:5      | HP: 3/61 [adder (5)]
  3265 | D:5      | HP: 1/61 [adder (2)]
  3266 | D:5      | Succumbed to an adder's poison

Illustrated notes

Levels and vault maps discovered:
D:1:      dpeg_arrival_pits, layout_rooms, minmay_misc_feat_secret_circle,
          minmay_gold_behind_fungi, minmay_surrounded
D:2:      layout_basic, chequers_ecumenical_altar_island, lightli_corner_chamber
D:3:      layout_basic, zin_academy, vehumet_crystals, bh_walls_and_bars
D:4:      layout_basic
D:5:      wander_river, layout_gridville, cheibriados_altar_2,
          minmay_temple_entry_statues_fountains, gup_sewer_entry_spiral,
          serial_bayou_ford_a, chequers_serial_rivers_small_3,
          minmay_fire_ice_demons

Skill      XL: |  1  2  3  4  5  6 |
---------------+-------------------+-----
Fighting       | 4 5 |  5.6
Shields        | 4 5 |  5.6
Armour         | 4 5 |  5.4
Dodging        | 1 2 3 |  3.2
Axes           | 3 4 |  4.4

Action                   |  1- 3 |  4- 6 |  7- 9 || total
-------------------------+-------+-------+-------++-------
Melee: War axe           |    98 |    80 |    38 ||   216
       Headbutt          |    14 |    21 |     4 ||    39
  Use: Scroll            |     4 |     1 |       ||     5
       Potion            |       |     1 |     3 ||     4
Armor: Scale mail        |    27 |       |       ||    27
       Ring mail         |    21 |    36 |     6 ||    63
Dodge: Dodged            |    47 |    28 |    15 ||    90
Block: Kite shield       |    64 |    38 |    26 ||   128

Table legend: (Time is in decaauts)
 A = Elapsed time spent in this place.
 B = Non-inter-level travel time spent in this place.
 C = Inter-level travel time spent in this place.
 D = Time resting spent in this place.
 E = Time spent auto-exploring this place.
 F = Levels seen in this place.
 G = Mean time per level.
                   A        B        C        D        E       F      G
               +--------+--------+--------+--------+--------+-----+--------+
         Total |   3349 |   3203 |    146 |     75 |   2584 |   5 |  669.8 |
       Dungeon |   3349 |   3203 |    146 |     75 |   2584 |   5 |  669.8 |
               +--------+--------+--------+--------+--------+-----+--------+

Top non-repeatable levels by time:
     D:3: 1068 daAuts
     D:4: 769 daAuts
     D:1: 729 daAuts
     D:2: 689 daAuts
     D:5: 92 daAuts
